 Dungeon Crawl Stone Soup version 0.29.1-15-g9cfb28693d (webtiles) character file.

Game seed: 15678251284781248326

28 Anriel the Shooter (level 3, -5/31 HPs)
             Began as a Deep Elf Hunter on Feb 27, 2023.
             Slain by Sigmund
             ... wielding a +0 scythe
              (6 damage)
             ... on level 2 of the Dungeon.
             The game lasted 00:05:56 (839 turns).

Anriel the Shooter (Deep Elf Hunter)                 Turns: 839, Time: 00:05:57

Health: -5/31      AC: 21    Str:  8    XL:     3   Next: 0%
Magic:  5/5        EV:  2    Int: 13    God:
Gold:   5          SH:  0    Dex: 20    Spells: 2/2 levels left

rFire   . . .      SeeInvis .   a - +0 shortbow
rCold   . . .      Faith    .   (shield currently unavailable)
rNeg    . . .      Spirit   .   (body armour currently unavailable)
rPois   +          Reflect  .   (helmet currently unavailable)
rElec   .          Harm     .   (cloak currently unavailable)
rCorr   .          Rampage  .   (gloves currently unavailable)
Will    .....      NoTele   +   (boots currently unavailable)
Stlth   +++.......              (no amulet)
HPRegen 0.10/turn               (no ring)
MPRegen 0.09/turn               (no ring)

@: brilliant, tree-form, on berserk cooldown, hasted and slowed
A: stationary, stasis, torment immunity, boosted hp
a: no special abilities


You were on level 2 of the Dungeon.
You were a tree.
You visited 1 branch of the dungeon, and saw 2 of its levels.

You collected 5 gold pieces.

Inventory:

Hand Weapons
 a - a +0 shortbow (weapon)
Missiles
 k - a throwing net
Armour
 c - a +0 leather armour (melded)
 e - a +0 pair of gloves (melded)
 h - a +0 helmet (melded)
Scrolls
 b - a scroll of immolation


   Skills:
 - Level 2.0 Fighting
 - Level 5.3 Ranged Weapons
 + Level 3.0 Dodging
 + Level 2.9 Stealth


You had 2 spell levels left.
You didn't know any spells.
Your spell library was empty.

Dungeon Overview and Level Annotations

Branches:
Dungeon (2/15)

Altars:

Annotations:
D:2 Sigmund


Message History

You barely miss the adder. The adder bites you.
* * * LOW HITPOINT WARNING * * *
Something hits you but does no damage.
You smack the adder!
The adder is almost dead.
The adder bites you but does no damage.
You hit the adder.
You kill the adder!
Your Dodging skill increases to level 3!
You have reached level 3!
Your experience leads to an increase in your attributes!
Increase (S)trength, (I)ntelligence, or (D)exterity?
You feel agile. x2
You are too berserk!
You are too berserk!
You cannot move.
You cannot move.
You can't shoot while berserk!
Really wield
a - a +0 shortbow?
a - a +0 shortbow (weapon)
Something hits you.
* * * LOW HITPOINT WARNING * * *
You feel a strong urge to attack something.
You are no longer berserk.
You are exhausted.
You feel yourself slow down.
Fire: a) +0 shortbow
Press: ? - help, Q - select action, (/) - cycle Shift-Dir - straight line, f - you Really target yourself?
Okay, then.
Fire: a) +0 shortbow
Press: ? - help, Q - select action, (/) - cycle Shift-Dir - straight line You shoot an arrow.
You hear some strange, mumbled words.
Something tries to affect you, but you resist.
Something hits you but does no damage.
Fire: a) +0 shortbow
Press: ? - help, Q - select action, (/) - cycle Shift-Dir - straight line You shoot an arrow.
Something hits you.
You die...

##########.
#.†♣.......
#{######### #####
#.# #...#
#)###########...####
#.>.................
#..#..##############
#..##...#
#..####@#####....#
#..####..........###


There were no monsters in sight!

Vanquished Creatures
  An adder (D:2)
  3 ball pythons
  2 endoplasms
  A giant cockroach (D:1)
  A goblin (D:2)
  3 hobgoblins
  A kobold (D:1)
  2 quokkas
  A bat (D:2)
  2 frilled lizards (D:1)
17 creatures vanquished.

Notes
Turn   | Place    | Note
-------+----------+-------------------------------------------
     0 | D:1      | Anriel the Deep Elf Hunter began the quest for the Orb.
     0 | D:1      | Reached XP level 1. HP: 12/12 MP: 3/3
   451 | D:1      | Reached XP level 2. HP: 17/17 MP: 4/4
   640 | D:2      | Found a faded altar of an unknown god.
   711 | D:2      | Noticed Sigmund
   835 | D:2      | Reached XP level 3. HP: 4/21 MP: 5/5
   835 | D:2      | HP: 1/46 [something (3)]
   839 | D:2      | Slain by Sigmund

Illustrated notes

Levels and vault maps discovered:
D:1:      reono_arrival_forest_river, layout_loops_ring
D:2:      layout_basic, nicolae_ecumenical_pavilion, uniq_robin, uniq_sigmund

Skill      XL: |  1  2 |
---------------+-------+-----
Stealth        | 2 |  2.9
Fighting       | 2 |  2.0
Dodging        | 3 |  3.0
Ranged Weapons | |  5.3

Action                   || total
-------------------------++-------
Melee: Unarmed           ||     4
 Fire: Shortbow          ||    38
  Use: Potion            ||     5
       Scroll            ||     2
Armor: Leather armour    ||     6
       Skin              ||     6
Dodge: Dodged            ||    15
